cohdb
Replays
Latest Replays
All Replays
Popular Replays
Top Player Replays
Match Explorer
How It Works
Community
CoH3 Stats
Reddit
Sign in to upload your games and track your stats! →
Sign in with Steam
Match 44551367
Unlisted
Match 44551367
Overview
Messages
Build Orders
End
250 Light Carrier
Selects Italian Infantry
Selects Italian Infantry
Panzergrenadier Squad
Panzerpioneer Squad
Construct Light Support Kompanie
MG34 Team
Fire Support Elements
2.5-tonne Medical Truck
Pak 38 Anti-tank Gun Team
Flakvierling Half-track
le.IG 18 Mechanized Group
Pak 38 Anti-tank Gun Team
Construct Panzerarmee Kommand
MG34 Team
Selects Defensive Operations
Selects Territory Booby Traps
Selects Obice 305mm Barrage
Obice 305mm Barrage
linms82
LIKE
LEETඞBABY
🦍Dakka Dakka
XuZhongwei
DanRegi
幽魂
3+++
0
0
Comments
sign in to comment!
No comments posted yet!